 Dungeon Crawl Stone Soup version 0.27-a0-1119-gbf574a6a6b (webtiles) character file.

Game seed: 1884527321051631882

6 Zeld the Skirmisher (level 1, -1/16 HPs)
             Began as an Octopode Fighter on May 3, 2021.
             Frozen to death by an endoplasm (5 damage)
             ... on level 1 of the Dungeon.
             The game lasted 00:00:30 (84 turns).

Zeld the Skirmisher (Octopode Fighter)                Turns: 84, Time: 00:00:31

Health: -1/16      AC:  1    Str: 15    XL:     1   Next: 90%
Magic:  1/1        EV: 11    Int: 10    God:
Gold:   0          SH:  8    Dex: 11    Spells: 0/0 levels left

rFire    . . .     SeeInvis .   a - +0 long sword
rCold    . . .     Faith    .   b - +0 kite shield
rNeg     . . .     Spirit   .   (helmet restricted)
rPois    .         Reflect  .   (no amulet)
rElec    .         Harm     .   (no ring)
rCorr    .         Rampage  .   (no ring)
Will     .....                  (no ring)
Stlth    ++........             (no ring)
HPRegen  0.05/turn              (no ring)
MPRegen  0.07/turn              (no ring)
                                (no ring)
                                (no ring)

@: no status effects
A: almost no armour, amphibious, 8 rings, camouflage 1, gelatinous body 1,
(nimble swimmer 1), tentacles
a: no special abilities


You were on level 1 of the Dungeon.
You visited 1 branch of the dungeon, and saw 1 of its levels.

Inventory:

Hand Weapons
 a - a +0 long sword (weapon)
Armour
 b - a +0 kite shield (worn)
Potions
 c - a potion of might


   Skills:
 * Level 3.1 Fighting
 * Level 2.2 Long Blades
 - Level 3.0 Dodging
 * Level 3.1 Shields


You couldn't memorise any spells.
You didn't know any spells.
Your spell library was empty.

Dungeon Overview and Level Annotations

Branches:
Dungeon (1/15)

Altars:


Innate Abilities, Weirdness & Mutations

You cannot wear most types of armour.
You are amphibious.
You can wear up to eight rings at the same time.
Your skin changes colour to match your surroundings (Stealth+).
Your rubbery body absorbs attacks. (AC +1, EV +1)
((You are camouflaged near water. (Stealth+)))
You have tentacles for arms and can constrict up to eight enemies at once.


Message History

You are too injured to fight recklessly!
You are too injured to fight recklessly!
You are too injured to fight recklessly!
You are too injured to fight recklessly!
You are too injured to fight recklessly!
You barely miss the jackal. You grab the jackal.
The jackal is moderately wounded.
You constrict the jackal. You block the jackal's attack. The jackal bites you.
You hit the jackal but do no damage.
The jackal is almost dead.
You constrict the jackal.
You kill the jackal!
The jackal closely misses you.
You hit the jackal but do no damage. Your grab misses the jackal.
You squeeze the jackal.
The jackal is severely wounded.
The jackal bites you. x2
* * * LOW HITPOINT WARNING * * *
The jackal barely misses you.
You hit the jackal.
You kill the jackal!
You block the jackal's attack.
You hit the jackal. Your grab misses the jackal.
The jackal is lightly wounded.
You block the jackal's attack. The jackal closely misses you.
You riposte.
You slash the jackal!
You kill the jackal!
You closely miss the goblin. Your grab misses the goblin.
You block the goblin's attack.
You completely miss the goblin. Your grab misses the goblin.
You block the goblin's attack. x2
Press: ? - help, v - describe, . - travel The floor.
You closely miss the goblin. Your grab misses the goblin.
You block the goblin's attack.
You slash the goblin!
You kill the goblin!
The endoplasm freezes you.
You are frozen.
You die...

#+## .. ..) #.# ..# ..
.#...###hg#....
.........wJ...$
#######.############
.......wJ@.........###
.####.####.####.##...##
#... #...##...###..# #.⌠.
#.⌠.##.⌠.# ##.# #...
#...##...####.# # ##.#
##.####.###...#
##.####(####.####.###.⌠.#
........................#
.........<..........##.##


You could see a dart slug and an endoplasm.

Vanquished Creatures
  A goblin (D:1)
  4 jackals (D:1)
  A ball python (D:1)
6 creatures vanquished.

Notes
Turn   | Place    | Note
-------+----------+-------------------------------------------
     0 | D:1      | Zeld the Octopode Fighter began the quest for the Orb.
     0 | D:1      | Reached XP level 1. HP: 16/16 MP: 1/1
    84 | D:1      | Frozen to death by an endoplasm

Illustrated notes

Levels and vault maps discovered:
D:1:      dpeg_arrival_chambers_temple_mockup, layout_basic,
          chequers_ecumenical_altar_simple, serial_shops, shop

Action                   || total
-------------------------++-------
Melee: Long sword        ||    15
       Constrict         ||     2
       Tentacles         ||     2
Armor: Skin              ||     3
Dodge: Dodged            ||    11
Block: Kite shield       ||     9
       Rpst.: Long sword ||     4

Table legend: (Time is in decaauts)
 A = Elapsed time spent in this place.
 B = Non-inter-level travel time spent in this place.
 C = Inter-level travel time spent in this place.
 D = Time resting spent in this place.
 E = Time spent auto-exploring this place.
 F = Levels seen in this place.
 G = Mean time per level.
                   A        B        C        D        E       F      G
               +--------+--------+--------+--------+--------+-----+--------+
         Total |     91 |     91 |      0 |      0 |     62 |   1 |   91.0 |
       Dungeon |     91 |     91 |      0 |      0 |     62 |   1 |   91.0 |
               +--------+--------+--------+--------+--------+-----+--------+

Top non-repeatable levels by time:
     D:1: 91 daAuts
